 Dungeon Crawl Stone Soup version 0.27-a0-1147-gb3d8e82157 (webtiles) character file.

Game seed: 15901001545389994939

61 flyleaff the Magician (level 4, -5/31 (33) HPs)
             Began as a Djinni Necromancer on May 12, 2021.
             Killed by miscasting Animate Dead (14 damage)
             ... on level 2 of the Dungeon.
             The game lasted 00:05:54 (2142 turns).

flyleaff the Magician (Djinni Necromancer)          Turns: 2142, Time: 00:05:54

HP:   -5/31 (33)    AC:  2    Str:  7    XL:     4   Next: 7%
Gold: 47            EV: 12    Int: 13    God:
                    SH:  0    Dex: 14

rFire    + + .     SeeInvis .   d - +0 dagger
rCold    x . .     Faith    .   (no shield)
rNeg     . . .     Spirit   .   a - +0 robe
rPois    ∞         Reflect  .   (no helmet)
rElec    .         Harm     .   (no cloak)
rCorr    .         Rampage  .   (no gloves)
Will     +....                  (boots unavailable)
Stlth    ++........             (no amulet)
HPRegen  0.10/turn              (no ring)
MPRegen  0.00/turn              (no ring)

@: flying, very slightly contaminated, drained
A: sickness immunity, fire resistance 2, cold vulnerability 1, float, innate
caster, hp casting, extra vitality 1, dopey 2, strong-willed 1
a: no special abilities


You were on level 2 of the Dungeon.
You visited 1 branch of the dungeon, and saw 2 of its levels.

You collected 47 gold pieces.

Inventory:

Hand Weapons
 d - a +0 dagger (weapon)
Missiles
 c - 67 stones (quivered)
Armour
 a - a +0 robe (worn)
Jewellery
 i - a ring of resist corrosion
Scrolls
 b - a scroll of magic mapping {unknown}
 g - 3 scrolls of teleportation {unknown}
 h - a scroll of identify {unknown}


   Skills:
 * Level 2.0 Fighting
 + Level 1.2 Armour
 - Level 2.2 Dodging
 - Level 1.5 Stealth
 + Level 4.1 Spellcasting


You couldn't memorise any spells.
You knew the following spells:

 Your Spells              Type           Power      Damage    Failure   Level
a - Pain                  Necr           52%        1d6       3%          1
b - Animate Skeleton      Necr           26%        N/A       3%          1
c - Vampiric Draining     Necr           6%         2d6       11%         3
d - Animate Dead          Necr           6%         N/A       36%         4
e - Agony                 Necr           13%        N/A       71%         5
f - Apportation           Tloc           26%        N/A       3%          1
Your spell library was empty.

Dungeon Overview and Level Annotations

Branches:
Dungeon (2/15)

Altars:


Innate Abilities, Weirdness & Mutations

You are immune to sickness and miasma.
You are immune to poison.
Your flesh is very heat resistant. (rF++)
You are vulnerable to cold. (rC-)
You float through the air rather than walking.
You learn spells naturally, not from books.
Your magical power is your life essence.
You have superior vitality. (+4 HP)
You are very dopey. (Int -4)
You are strong-willed. (Will+)


Message History

The goblin no longer looks unusually strong.
You have reached level 4!
You feel agile.
Casting: Vampiric Draining (quite dangerous; 11% risk of failure)
Confirm with . or Enter, or press ? or * to list all spells.
The spell is quite dangerous to cast (11% risk of failure)!
Continue anyway?
Aiming: Vampiric Draining (quite dangerous; 11% risk of failure)
Press: ? - help, Shift-Dir - straight line, f - goblin
Aim: a goblin, wielding a +0 hunting sling and quivering stones (strong)
You draw life force from the goblin.
You kill the goblin!
You feel life coursing into your body.
Your Fighting skill increases to level 2!
Casting: Vampiric Draining (quite dangerous; 11% risk of failure)
Confirm with . or Enter, or press ? or * to list all spells.
The spell is quite dangerous to cast (11% risk of failure)!
Continue anyway?
Aiming: Vampiric Draining (quite dangerous; 11% risk of failure)
Press: ? - help, Shift-Dir - straight line, f - goblin
Aim: a goblin, wielding a +0 club You draw life force from the goblin.
You kill the goblin!
You feel life coursing into your body.
Casting: Vampiric Draining (quite dangerous; 11% risk of failure)
Confirm with . or Enter, or press ? or * to list all spells.
The spell is quite dangerous to cast (11% risk of failure)!
Continue anyway?
Aiming: Vampiric Draining (quite dangerous; 11% risk of failure)
Press: ? - help, Shift-Dir - straight line, f - hobgoblin
Aim: a hobgoblin (strong)
You draw life force from the hobgoblin.
You kill the hobgoblin!
You feel life coursing into your body.
c - 67 stones (gained 22)
Items here: ))))))) [[ †††††.
Casting: Vampiric Draining (quite dangerous; 11% risk of failure)
Confirm with . or Enter, or press ? or * to list all spells.
The spell is extremely dangerous to cast (36% risk of failure)!
Continue anyway?
You miscast Animate Dead.
You are very lightly contaminated with residual magic.
Flickering shadows surround you!
You feel drained.
You die...

#.# #.# ..# #.# ### #.# ###.# #
##.########.#@############
#.##........................ ..
#.>......................... .#
#..#..####...#...#.#######.# ..
#..#..# #<..+...#.# #.####.#
......# #...#...#.#######.##...g
#..#..# #...#...#.........##.##g
#..#..# #...#...#g######..##.##.
#..#..########...#.######..##.##.


There were no monsters in sight!

Vanquished Creatures
  Robin (D:2)
  An adder (D:2)
  A dart slug (D:1)
  4 bats (D:1)
  3 endoplasms
  10 goblins
  7 hobgoblins
  A quokka (D:1)
  2 ball pythons (D:1)
  2 frilled lizards (D:1)
  A kobold (D:1)
  A rat (D:1)
34 creatures vanquished.

Vanquished Creatures (collateral kills)
  An endoplasm (D:1)
1 creature vanquished.

Grand Total: 35 creatures vanquished

Notes
Turn   | Place    | Note
-------+----------+-------------------------------------------
     0 | D:1      | flyleaff the Djinni Necromancer began the quest for the
                  | Orb.
     0 | D:1      | Reached XP level 1. HP: 15/15 MP: 0/0
   532 | D:1      | Reached XP level 2. HP: 19/21 MP: 0/0
   738 | D:1      | Reached skill level 4 in Spellcasting
  1128 | D:1      | Found a faded altar of an unknown god.
  1403 | D:1      | Reached skill level 1 in Fighting
  1558 | D:1      | Reached XP level 3. HP: 10/27 MP: 0/0
  1558 | D:1      | Learned a level 1 spell: Apportation
  2092 | D:2      | Noticed Robin
  2128 | D:2      | Reached skill level 1 in Armour
  2131 | D:2      | Killed Robin
  2133 | D:2      | Gained mutation: You are dopey. (Int -2) [potion of
                  | mutation]
  2133 | D:2      | Gained mutation: You are very dopey. (Int -4) [potion of
                  | mutation]
  2133 | D:2      | Gained mutation: You are strong-willed. (Will+) [potion of
                  | mutation]
  2137 | D:2      | Reached XP level 4. HP: 14/33 MP: 0/0
  2142 | D:2      | Killed by miscasting Animate Dead

Illustrated notes

Levels and vault maps discovered:
D:1:      saegor_arrival_simple_c, layout_basic,
          hellmonk_ecumenical_altar_blasted, hex_medium
D:2:      layout_basic, uniq_robin

Skill      XL: |  1  2  3  4 |
---------------+-------------+-----
Spellcasting   | 4 |  4.1
Fighting       | 1 2 |  2.0
Armour         | 1 |  1.2
Dodging        | |  2.2
Stealth        | |  1.5

Action                   |  1- 3 |  4- 6 || total
-------------------------+-------+-------++-------
Melee: Dagger            |    52 |       ||    52
       Unarmed           |    18 |       ||    18
 Cast: Pain              |    21 |       ||    21
       Animate Skeleton  |     6 |       ||     6
       Vampiric Draining |    13 |     3 ||    16
  Use: Potion            |     3 |       ||     3
 Stab: Sleeping          |     2 |       ||     2
Armor: Robe              |    24 |       ||    24
Dodge: Dodged            |    57 |       ||    57

Table legend: (Time is in decaauts)
 A = Elapsed time spent in this place.
 B = Non-inter-level travel time spent in this place.
 C = Inter-level travel time spent in this place.
 D = Time resting spent in this place.
 E = Time spent auto-exploring this place.
 F = Levels seen in this place.
 G = Mean time per level.
                   A        B        C        D        E       F      G
               +--------+--------+--------+--------+--------+-----+--------+
         Total |   2141 |   2082 |     59 |      0 |   1823 |   2 | 1070.5 |
       Dungeon |   2141 |   2082 |     59 |      0 |   1823 |   2 | 1070.5 |
               +--------+--------+--------+--------+--------+-----+--------+

Top non-repeatable levels by time:
     D:1: 1807 daAuts
     D:2: 333 daAuts
